 Dungeon Crawl Stone Soup version 0.20-a0-984-ge8aa303 (webtiles) character file.

116 FastMan the Chopper (level 4, 0/42 HPs)
             Began as a Minotaur Berserker on Apr 11, 2017.
             Was a Believer of Trog.
             Slain by an ogre
             ... wielding a +0 giant club
              (25 damage)
             ... on level 3 of the Dungeon.
             The game lasted 00:00:54 (1184 turns).

FastMan the Chopper (Minotaur Berserker)            Turns: 1184, Time: 00:00:55

Health: 0/42       AC:  2    Str: 22    XL:     4   Next: 69%
Magic:  3/3        EV: 12    Int:  4    God:    Trog [**....]
Gold:   122        SH:  0    Dex: 10    Spells: 3/3 levels left

rFire    . . .     SeeInvis .   a - +0 hand axe
rCold    . . .     Gourm    .   (no shield)
rNeg     . . .     Faith    .   b - +0 animal skin
rPois    .         Spirit   .   (helmet restricted)
rElec    .         Reflect  .   (no cloak)
rCorr    .         Harm     .   (no gloves)
MR       .....                  (no boots)
Stlth    +.........             (no amulet)
Regen    0.2/turn               (no ring)
MPRegen  0.1/turn               (no ring)

@: no status effects
A: retaliatory headbutt, horns 2
a: Berserk, Trog's Hand, Burn Spellbooks, Renounce Religion


You were on level 3 of the Dungeon.
You worshipped Trog.
Trog was pleased with you.
You were not hungry.

You visited 1 branch of the dungeon, and saw 3 of its levels.

You collected 122 gold pieces.

Inventory:

Hand Weapons
 a - a +0 hand axe (weapon)
Armour
 b - a +0 animal skin (worn)
Jewellery
 k - an uncursed ring of magical power {unknown}
Scrolls
 f - 4 scrolls of remove curse {unknown}
 i - a scroll of teleportation {unknown}
 j - 4 scrolls of identify {unknown}
 n - a scroll of enchant weapon {unknown}
 o - 2 scrolls of amnesia {unknown}
 q - a scroll of magic mapping {unknown}
Potions
 e - a potion of cancellation {unknown}
 g - a potion of heal wounds {unknown}
 h - 5 potions of flight {unknown}
 l - 3 potions of curing {unknown}
 m - a potion of might {unknown}
 p - a potion of degeneration {unknown}
Comestibles
 c - 2 bread rations {@e1}
 d - 6 chunks of flesh


   Skills:
 + Level 5.0 Fighting
 * Level 5.6 Axes
 - Level 2.4 Armour
 - Level 2.1 Dodging


You had 3 spell levels left.
You didn't know any spells.

Dungeon Overview and Level Annotations

Branches:
Dungeon (3/15)

Altars:

Portals:
Sewer: D:3


Innate Abilities, Weirdness & Mutations

You reflexively headbutt those who attack you in melee.
You have a pair of horns on your head.


Message History

No target in view!
You butcher the hound corpse.
d - 6 chunks of flesh (gained 3)
You open the door.
An ogre comes into view. It is wielding a giant club.
The ogre shouts!
Found a stone staircase leading down.
There is an open door here.
An ogre is nearby!
The ogre closely misses you.
An ogre is nearby!
You hit the ogre.
The ogre is lightly wounded.
The ogre hits you with a giant club!
An ogre is nearby!
You barely miss the ogre.
The ogre is lightly wounded.
The ogre hits you with a giant club!!
Ouch! That really hurt!
You die...

#........#....))..#.
#.....>..##.........
#........+.....#.#..
#........#####.#.#.#
##........# #.#.#.#
####....######
#.#.#.#
#)....#....(..
..#.#.#
#.....#########
###.#.#
#.....'@O......
#.....#########
#.....# #.....#
#...).# #.....#
#.....# #.>...


You could see an ogre.

Vanquished Creatures
  A hound (D:3)
  An orc wizard (D:3)
  An ooze (D:1)
  A worm (D:2)
  3 leopard geckos
  7 orcs (D:3)
  A ball python (D:2)
  3 giant cockroaches
  4 goblins
  4 hobgoblins
  3 kobolds
  2 bats
  3 frilled lizards
  5 rats
39 creatures vanquished.

Vanquished Creatures (others)
  A kraken (D:1)
  A ghoul (D:1)
  3 octopodes (D:1)
  4 gargoyles (D:1)
  An elf (D:1)
  An ogre (D:1)
  A mummy (D:1)
  An orc (D:1)
  A kobold (D:1)
  14 tentacles (D:1)
28 creatures vanquished.

Grand Total: 67 creatures vanquished

Notes
Turn   | Place    | Note
-------+----------+-------------------------------------------
     0 | D:1      | FastMan the Minotaur Berserker began the quest for the Orb.
     0 | D:1      | Reached XP level 1. HP: 19/19 MP: 0/0
     2 | D:1      | Noticed a gargoyle
     2 | D:1      | Noticed an octopode
     2 | D:1      | Noticed an octopode
     2 | D:1      | Noticed an ogre
     2 | D:1      | Noticed a ghoul
     2 | D:1      | Noticed an octopode
     2 | D:1      | Noticed a gargoyle
     2 | D:1      | Noticed a kraken
     2 | D:1      | Noticed a gargoyle
     2 | D:1      | Noticed a ghoul
     2 | D:1      | Noticed a draconian
     2 | D:1      | Noticed a gargoyle
     2 | D:1      | Noticed an elf
     7 | D:1      | Killed an octopode
    10 | D:1      | Killed a gargoyle
    11 | D:1      | Killed a gargoyle
    12 | D:1      | Killed a gargoyle
    15 | D:1      | Killed an octopode
    19 | D:1      | Killed a ghoul
    20 | D:1      | Killed an octopode
    24 | D:1      | Killed a gargoyle
    24 | D:1      | Killed an elf
    28 | D:1      | Killed an ogre
    32 | D:1      | Killed a kraken
    86 | D:1      | Reached XP level 2. HP: 20/27 MP: 1/1
   665 | D:2      | Reached ** piety under Trog
   882 | D:3      | Reached XP level 3. HP: 33/33 MP: 2/2
   885 | D:3      | Reached skill level 5 in Axes
  1035 | D:3      | Reached XP level 4. HP: 41/41 MP: 3/3
  1157 | D:3      | Found a glowing drain.
  1176 | D:3      | Reached skill level 5 in Fighting
  1180 | D:3      | Noticed an ogre
  1184 | D:3      | Slain by an ogre

Vault maps used:
D:1:      nicolae_arrival_kraken_aquarium_b
D:2:      lemuel_statue_altar
D:3:      gup_sewer_entry_bowl, nicolae_gozag_cash_rules_everything_around_me

Skill      XL: |  1  2  3  4 |
---------------+-------------+-----
Axes           | 4 5 |  5.6
Fighting       | 4 5 |  5.0
Armour         | |  2.4
Dodging        | |  2.1

Action                   |  1- 3 |  4- 6 || total
-------------------------+-------+-------++-------
Melee: Hand axe          |    42 |    22 ||    64
       Headbutt          |     7 |     4 ||    11
Invok: Berserk           |     2 |       ||     2
  Eat: Chunk             |     2 |     1 ||     3
Armor: Animal skin       |     5 |     1 ||     6
Dodge: Dodged            |    33 |    14 ||    47
